 Dungeon Crawl Stone Soup version 0.18.1-48-g4cf74bf (webtiles) character file.

873 Charly the Archer (level 7, -6/60 HPs)
             Began as a Centaur Hunter on Aug 23, 2016.
             Was an Initiate of Ru.
             Mangled by an ogre
             ... wielding a +0 giant club
              (18 damage)
             ... on level 6 of the Dungeon.
             The game lasted 00:22:51 (4513 turns).

Charly the Archer (Centaur Hunter)                  Turns: 4513, Time: 00:22:52

Health: -6/60      AC: 11    Str: 17    XL:     7   Next: 74%
Magic:  7/7        EV:  8    Int: 10    God:    Ru [......]
Gold:   88         SH:  0    Dex:  9    Spells: 0 memorised, 6 levels left

rFire  . . .     SeeInvis .     a - +0 long sword (protect)
rCold  . . .     Gourm    .     y - +0 ring mail
rNeg   + . .     Faith    .     (no shield)
rPois  +         Spirit   .     (no helmet)
rElec  .         Dismiss  .     (no cloak)
rCorr  .         Reflect  .     e - +0 pair of gloves
SustAt .         Harm     .     (no barding)
MR     .....                    R - amulet of rage
Stlth  ..........               B - ring of poison resistance
                                p - ring of positive energy

@: very quick, not resistant to hostile enchantments, extremely unstealthy
A: hooves 3, deformed body, speed 2, tough skin 3
a: Renounce Religion, Evoke Berserk Rage


You were on level 6 of the Dungeon.
You worshipped Ru.
Ru was noncommittal.
You were hungry.

You visited 2 branches of the dungeon, and saw 7 of its levels.

You collected 127 gold pieces.
You spent 39 gold pieces at shops.

Inventory:

Hand Weapons
 a - a +0 long sword of protection (weapon)
 b - a +1 shortbow
 u - a +0 short sword
 D - the cursed +1 mace of Siepra Usacw {flame, rF- Str+2 Dex+5 SInv}
   (You found it on level 4 of the Dungeon)

   It has been specially enchanted to burn those struck by it, causing extra
   injury to most foes and up to half again as much damage against particularly
   susceptible opponents.
   It affects your strength (+2).
   It affects your dexterity (+5).
   It makes you vulnerable to fire.
   It lets you see invisible.
   It has a curse placed upon it.
Missiles
 i - 6 curare-tipped needles
Armour
 e - a +0 pair of gloves (worn)
 y - a +0 ring mail (worn)
Jewellery
 p - a ring of positive energy (left hand)
 B - a ring of poison resistance (right hand)
 R - an amulet of rage (around neck)
Scrolls
 j - a scroll of noise {unknown}
 q - a scroll of immolation {unknown}
 s - a scroll of random uselessness {unknown}
 t - 3 scrolls of enchant weapon {unknown}
 v - a scroll of enchant armour {unknown}
 w - a scroll of identify
 x - 3 scrolls of remove curse {unknown}
 A - a scroll of teleportation
 E - a scroll of magic mapping {unknown}
Potions
 h - a potion of cancellation
 k - 2 potions of heal wounds
 l - a potion of magic
 m - 3 potions of curing
 z - 2 potions of haste
 C - a potion of flight
 F - a potion of agility {unknown}
Books
 c - Sif Muna's Catalogue of the Mountains
   (You found it on level 3 of the Dungeon)

   Spells                             Type                      Level
   a - Sandblast                      Earth                        1
Comestibles
 f - 4 bread rations
 g - 4 meat rations
 n - 4 fruits
 o - a slice of pizza
 r - 3 beef jerkies
 G - a chunk of flesh


   Skills:
 + Level 4.5 Fighting
 + Level 11.2 Bows
 - Level 1.3 Dodging
 - Level 0.5 Stealth


You had 6 spell levels left.
You didn't know any spells.

Dungeon Overview and Level Annotations

Branches:
Dungeon (6/15)             Temple (1/1) D:4

Altars:
Ashenzari
Cheibriados
Dithmenos
Elyvilon
Fedhas
Gozag
Makhleb
Nemelex Xobeh
Okawaru
Pakellas
Qazlal
Ru
Sif Muna
Trog
Vehumet
Xom
Yredelemnul
Zin
The Shining One

Shops:
D:4 ?

Annotations:
D:4 exclusion: statue


Innate Abilities, Weirdness & Mutations

You have hooves in place of feet.
Armour fits poorly on your strangely shaped body.
You cover ground very quickly.
You have extremely tough skin (AC +3).


Message History

You hit the ogre but do no damage.
The ogre is moderately wounded.
The ogre closely misses you.
You hit the ogre. You kick the ogre, but do no damage.
The ogre is heavily wounded.
The ogre hits you with a giant club.
You hit the ogre.
The ogre is heavily wounded.
The ogre hits you with a giant club!
You are too injured to fight recklessly!
You are too injured to fight recklessly!
You are too injured to fight recklessly!
You barely miss the ogre. You kick the ogre.
The ogre is severely wounded.
The ogre hits you with a giant club.
* * * LOW HITPOINT WARNING * * *
You slash the ogre!
The ogre is almost dead.
The ogre hits you with a giant club!!
You die...

... .. # #.#.... . ....
##. ...#.... ...
##..#####..#.(. ...
.............# ..
........#.#.####.#
........(......#.#
##.....##(.O@..#
#....<.........####..
###...........)........
#...((.................
.#...#..................
_#_..#..................
### #..!...............
_ #..)....(.......... ..
#.(.....(....#..... .#


You could see an ogre.

Vanquished Creatures
  Eustachio (D:5)
  An ogre (D:5)
  A centaur (D:5)
  A scorpion (D:6)
  A howler monkey (D:4)
  A hound (D:5)
  2 orc priests (D:4)
  4 orc wizards
  An iguana (D:4)
  2 worker ants (D:4)
  A hound skeleton (D:6)
  4 adders
  An adder skeleton (D:4)
  6 worms
  A dart slug (D:3)
  3 giant geckos
  10 orcs
  A ball python (D:1)
  7 giant cockroaches
  8 goblins
  3 hobgoblins
  2 jackals (D:1)
  2 quokkas
  14 bats
  A giant gecko skeleton (D:4)
  5 giant newts
  8 kobolds
  9 rats
101 creatures vanquished.

Vanquished Creatures (others)
  An orc wizard (D:3)
1 creature vanquished.

Grand Total: 102 creatures vanquished

Notes
Turn   | Place    | Note
--------------------------------------------------------------
     0 | D:1      | Charly the Centaur Hunter began the quest for the Orb.
     0 | D:1      | Reached XP level 1. HP: 17/17 MP: 1/1
   336 | D:1      | Reached XP level 2. HP: 24/24 MP: 2/2
   453 | D:2      | Reached skill level 6 in Bows
  1138 | D:3      | Reached XP level 3. HP: 27/29 MP: 3/3
  1444 | D:2      | Reached skill level 7 in Bows
  1701 | D:3      | Reached XP level 4. HP: 35/36 MP: 4/4
  2446 | D:3      | Found a deep blue altar of Sif Muna.
  2464 | D:3      | Reached skill level 8 in Bows
  2500 | D:3      | Reached XP level 5. HP: 38/41 MP: 5/5
  2508 | D:3      | Identified Sif Muna's Catalogue of the Mountains
  2869 | D:4      | Reached skill level 9 in Bows
  2886 | D:4      | Found Dioke's Magic Scroll Boutique.
  2897 | D:4      | Bought a scroll of teleportation for 39 gold pieces
  2979 | D:4      | Found a radiant altar of Vehumet.
  2979 | D:4      | Noticed a charred statue
  2980 | D:4      | Charly: @? charred statue
  2980 | D:4      | beem: charred statue (8)
                  | Spd: 10 (stationary)
                  | HD:
     3 | HP: 12   | AC/EV: 12/1
                  | Dam: 20
                  | non-living, items, doors, master archer, unbreathing, vault
                  | Res: magic(immune), fire++, cold++, elec, poison+++, drown, rot+++, neg+++, torm
                  | XP: 32
                  | Sp: throw flame (3d5) [!sil]
                  | Sz: Large
                  | Int: human.
  3015 | D:4      | Reached XP level 6. HP: 48/48 MP: 6/6
  3167 | D:5      | Entered Level 5 of the Dungeon
  3203 | D:5      | Reached skill level 10 in Bows
  3258 | D:4      | Found a staircase to the Ecumenical Temple.
  3264 | Temple   | Entered the Ecumenical Temple
  3335 | Temple   | Became a worshipper of Ru the Awakened
  3501 | D:6      | Noticed Eustachio
  3530 | D:5      | Killed Eustachio
  3530 | D:5      | Reached XP level 7. HP: 44/57 MP: 7/7
  3732 | D:4      | Got a scorched mace
  3733 | D:4      | Identified the cursed +1 mace of Siepra Usacw {flame, rF- Str+2 Dex+5 SInv} (You found it on level 4 of the Dungeon)
  4027 | D:4      | Reached skill level 11 in Bows
  4330 | D:5      | Found Wuolon's Weapon Shop.
  4480 | D:6      | Found a sparkling altar of Nemelex Xobeh.
  4480 | D:6      | Found a bloodstained altar of Trog.
  4490 | D:6      | Found an opulent altar of Gozag.
  4513 | D:6      | Mangled by an ogre

Skill      XL: |  1  2  3  4  5  6  7 |
---------------+----------------------+-----
Bows           | 6 7 8 9 10 11 | 11.2
Fighting       | 3 4 |  4.5
Dodging        | |  1.3
Stealth        | |  0.5

Action                   |  1- 3 |  4- 6 |  7- 9 || total
-------------------------+-------+-------+-------++-------
Melee: Short sword       |    42 |       |       ||    42
       Kick              |     4 |       |     3 ||     7
       Long sword        |       |       |    12 ||    12
 Fire: Shortbow          |   123 |   148 |   100 ||   371
  Use: Scroll            |     5 |     1 |     1 ||     7
       Potion            |       |     1 |       ||     1
  Eat: Chunk             |     1 |     4 |     2 ||     7
Armor: Leather armour    |    43 |     2 |       ||    45
       Ring mail         |       |    19 |     8 ||    27
Dodge: Dodged            |    44 |    13 |     7 ||    64
